 Dungeon Crawl Stone Soup version 0.11.3 (webtiles) character file.

81 Banto the Changer (level 3, 0/23 HPs)
             Began as a Sludge Elf Stalker on Aug 3, 2020.
             Succumbed to an adder's poison
             ... on Level 1 of the Dungeon.
             The game lasted 00:02:04 (1342 turns).

Banto the Changer (Sludge Elf Stalker)              Turns: 1342, Time: 00:02:04

HP   0/23        AC  6     Str 10      XL: 3   Next: 12%
MP   1/4         EV 12     Int 13      God:
Gold 53          SH  0     Dex 16      Spells:  2 memorised,  1 level left

Res.Fire  : . . .   See Invis. : .   j - -2,-3 elf dagger (curse)
Res.Cold  : . . .   Warding    : .   h - +0 leather armour
Life Prot.: . . .   Conserve   : .   (no shield)
Res.Poison: .       Res.Corr.  : .   (no helmet)
Res.Elec. : .       Clarity    : .   c - +0 elf cloak
Sust.Abil.: . .     Spirit.Shd : .   i - +1 pair of dwarf gauntlets
Res.Mut.  : .       Stasis     : .   (no boots)
Res.Rott. : .       Ctrl.Telep.: .   (no amulet)
Saprovore : . . .   Levitation : .   (no ring) Ctrl.Flight: .
                                     (no ring)

@: invisible, mildly poisoned, slightly resistant to hostile enchantments,
stealthy
A: no striking features
a: no special abilities


You were on level 1 of the Dungeon.
You were hungry.

You visited 1 branch of the dungeon, and saw 1 of its levels.

You collected 33 gold pieces.

Inventory:

Hand weapons
 a - a +2,+2 elven dagger {=f}
 j - a cursed -2,-3 elven dagger (weapon)
Armour
 c - a +0 elven cloak (worn)
 h - a +0 leather armour (worn)
 i - a +1 pair of dwarven gauntlets (worn)
Comestibles
 f - a bread ration
 g - an apple
 m - a chunk of bat flesh
 n - a meat ration
Scrolls
 l - a scroll of curse armour {unknown}
Potions
 b - a potion of poison
 e - 3 potions of confusion
 k - a potion of invisibility
Books
 d - a book of Stalking

   Spells                             Type                      Level
   *Fulsome Distillation              Transmutation/Necromancy     1
   *Evaporate                         Fire/Transmutation           2
   Passwall                           Transmutation/Earth          3
   Petrify                            Transmutation/Earth          4
   Dig                                Transmutation/Earth          4


   Skills:
 - Level 1.1 Fighting
 - Level 0.8 Short Blades
 - Level 2.4 Dodging
 + Level 3.5 Stealth
 - Level 2.0 Stabbing
 - Level 1.2 Spellcasting
 + Level 3.6 Transmutations


You had one spell level left.
You knew the following spells:

 Your Spells              Type           Power        Failure   Level  Hunger
a - Fulsome Distillation  Trmt/Necr      N/A          17%         1    ##.....
b - Evaporate             Fire/Trmt      ##.....      24%         2    ###....


Dungeon Overview and Level Annotations

Branches:
Dungeon (1/27)

Altars:


Message History

The cloud engulfs you!
* * * LOW HITPOINT WARNING * * *
The adder is engulfed in noxious fumes.
The adder appears confused.
The adder bites you but does no damage.
The adder is engulfed in noxious fumes.
The adder appears confused.
Drink which item? (? for menu, Esc to quit)
You fade into invisibility!
It was a potion of invisibility.
You hit the adder but do no damage.
The adder is moderately wounded.
* * * LOW HITPOINT WARNING * * *
You feel sick. The adder closely misses you.
You catch the helpless adder completely off-guard!
You slash the adder!
You kill the adder!
You have reached level 3!
Your experience leads to an increase in your attributes!
Increase (S)trength, (I)ntelligence, or (D)exterity?
You feel agile.
You die...

#^# #. #.# #. #.# #. #.# #. #.# #.
#.# #. #.# #.
###########.###################.
#...........ยงยง.@................
#.#########.####################
#.#########.####################
#.##.......................)....
#.##.######.####################
#.##.# #.#
#.##.######.#########******#####
#.##.................,,,,,,.....
#.##......#.#########******#####


There were no monsters in sight!

Vanquished Creatures
  An adder (D:1)
  3 bats (D:1)
  A giant cockroach (D:1)
  3 goblins (D:1)
  5 hobgoblins (D:1)
  2 giant newts (D:1)
  A kobold (D:1)
  3 rats (D:1)
19 creatures vanquished.

Notes
Turn   | Place    | Note
--------------------------------------------------------------
     0 | D:1      | Banto, the Sludge Elf Stalker, began the quest for the Orb.
     0 | D:1      | Reached XP level 1. HP: 13/13 MP: 1/1
   160 | D:1      | Reached skill level 3 in Transmutations
   209 | D:1      | Reached XP level 2. HP: 18/18 MP: 3/3
   253 | D:1      | Learned a level 2 spell: Evaporate
  1342 | D:1      | Reached XP level 3. HP: 1/23 MP: 1/4
  1342 | D:1      | Succumbed to an adder's poison
